[Event "Vienna Chess Open 2019"]
[Site "Vienna"]
[Date "2019.08.19"]
[Round "4.4"]
[White "Mütsch, Annmarie"]
[Black "Muckle, Julius"]
[Result "0-1"]
[ECO "C03"]
[WhiteElo "2368"]
[BlackElo "2368"]
[Annotator "NA"]
[PlyCount "62"]
[EventDate "2019.08.17"]
[EventType "swiss"]
[EventCountry "AUT"]
[SourceTitle "playchess.com"]
[Source "ChessBase"]
[SourceQuality "1"]
[TimeControl "40/5400+30:1800+30"]

1. e4 e6 2. d4 d5 3. Nd2 h6 4. Ngf3 Nf6 5. e5 Nfd7 6. Bd3 c5 7. c3 Nc6 8. O-O g5 9. dxc5 Bxc5 10. Nb3 Bb6 11. Nbd4 Ndxe5 12. Nxe5 Nxe5 13. f4 Nxd3 14. Qxd3 Bd7 15. Kh1 Qe7 16. Nf3 O-O-O 17. a4 Bc7 18. Qd4 Bb6 19. Qd3 f6 20. a5 Bc7 21. Qd4 a6 22. b3 e5 23. fxe5 fxe5 24. Qa7 Bb8 25. Qa8 Bc6 26. Ba3 Qc7 27. g3 d4 28. Kg1 dxc3 29. Bb4 c2 30. Nd2 Rxd2 31. Bxd2 Qd6 0-1

[Event "Vienna Chess Open 2019"]
[Site "Vienna"]
[Date "2019.08.19"]
[Round "4.5"]
[White "Stanec, Nikolaus"]
[Black "Stark, Lars"]
[Result "1-0"]
[ECO "A46"]
[WhiteElo "2483"]
[BlackElo "2362"]
[Annotator "ChessBase"]
[PlyCount "77"]
[EventDate "2019.08.17"]
[EventType "swiss"]
[EventCountry "AUT"]
[SourceTitle "playchess.com"]
[Source "ChessBase"]
[SourceQuality "1"]
[TimeControl "40/5400+30:1800+30"]

1. Nf3 Nf6 2. d4 e6 3. e3 b6 4. Bd3 Bb7 5. O-O c5 6. Nbd2 cxd4 7. exd4 Be7 8. Re1 d6 9. c4 O-O 10. b3 Nbd7 11. Bb2 Re8 12. Rc1 Rc8 13. Bb1 Bf8 14. a3 g6 15. Bd3 Bh6 16. Rb1 Qc7 17. Bf1 e5 18. d5 b5 19. cxb5 Bxd5 20. Rc1 Qb8 21. Rxc8 Rxc8 22. Nc4 Bg7 23. a4 Nb6 24. Nfd2 Nbd7 25. Na5 Qc7 26. Ndc4 Bf8 27. Qd2 Ba8 28. Rc1 Qd8 29. b4 Ne4 30. Qe3 Ndf6 31. f3 d5 32. Nxe5 Rxc1 33. Bxc1 Qc7 34. Bb2 Qc2 35. Bd4 Qd1 36. fxe4 dxe4 37. Nac6 Bd6 38. Qe2 Qb1 39. Qc4 1-0

[Event "Vienna Chess Open 2019"]
[Site "Vienna"]
[Date "2019.08.19"]
[Round "4.5"]
[White "Sandhöfner, Florian"]
[Black "Ankit, R. Rajpara"]
[Result "1/2-1/2"]
[ECO "A46"]
[WhiteElo "2454"]
[BlackElo "2454"]
[Annotator "ChessBase"]
[PlyCount "52"]
[EventDate "2019.08.17"]
[EventType "swiss"]
[EventCountry "AUT"]
[SourceTitle "playchess.com"]
[Source "ChessBase"]
[SourceQuality "1"]
[TimeControl "40/5400+30:1800+30"]

1. d4 Nf6 2. Nf3 e6 3. Bf4 d5 4. e3 Bd6 5. c3 O-O 6. Nbd2 b6 7. Ne5 c5 8. Be2 Ba6 9. O-O Bxe2 10. Qxe2 Qc7 11. Bg3 Nc6 12. Nxc6 Qxc6 13. Bxd6 Qxd6 14. Rfd1 cxd4 15. cxd4 Rfc8 16. Rdc1 Rc7 17. Nb3 Rac8 18. Rxc7 Rxc7 19. Rc1 Rxc1+ 20. Nxc1 Qc7 21. Nd3 Qc4 22. b3 Qc3 23. f3 Ne8 24. Kf2 Nd6 25. Ne1 Kf8 26. Qc2 Qxc2+ 1/2-1/2

[Event "Vienna Chess Open 2019"]
[Site "Vienna"]
[Date "2019.08.19"]
[Round "4.6"]
[White "Youssoupov, Moisse"]
[Black "Buhmann, Rainer"]
[Result "0-1"]
[ECO "D00"]
[WhiteElo "2574"]
[BlackElo "2574"]
[Annotator "ChessBase"]
[PlyCount "34"]
[EventDate "2019.08.17"]
[EventType "swiss"]
[EventCountry "AUT"]
[SourceTitle "playchess.com"]
[Source "ChessBase"]
[SourceQuality "1"]
[TimeControl "40/5400+30:1800+30"]

1. d4 d5 2. Bf4 c5 3. e3 cxd4 4. exd4 Nc6 5. c3 f6 6. Bd3 e5 7. dxe5 fxe5 8. Qh5+ g6 9. Bxg6+ hxg6 10. Qxh8 exf4 11. Qxg8 Bf5 12. Qh7 Ne5 13. Qxb7 Rb8 14. Qxa7 Bc5 15. Qg7 Nd3+ 16. Ke2 Qh4 17. Nh3 Qg4+ 0-1

[Event "Vienna Chess Open 2019"]
[Site "Vienna"]
[Date "2019.08.19"]
[Round "4.6"]
[White "Buckels, Valentin"]
[Black "Chittka, Julius"]
[Result "1-0"]
[ECO "A04"]
[WhiteElo "2453"]
[BlackElo "2453"]
[Annotator "ChessBase"]
[PlyCount "81"]
[EventDate "2019.08.17"]
[EventType "swiss"]
[EventCountry "AUT"]
[SourceTitle "playchess.com"]
[Source "ChessBase"]
[SourceQuality "1"]
[TimeControl "40/5400+30:1800+30"]

1. Nf3 c5 2. b3 Nf6 3. c4 g6 4. Bb2 Bg7 5. g3 b6 6. Bg2 Bb7 7. O-O O-O 8. d4 d5 9. dxc5 dxc4 10. Qxd8 Rxd8 11. cxb6 axb6 12. bxc4 Na6 13. Nbd2 Nc5 14. Nb3 Ra4 15. Rfc1 Rda8 16. Nxc5 bxc5 17. a3 Ne8 18. Bxg7 Kxg7 19. Rc3 Nd6 20. Nd2 Bxg2 21. Kxg2 Rb8 22. Ra2 Kf6 23. f4 e5 24. Rac2 exf4 25. gxf4 Re8 26. Kf3 Nf5 27. Ne4+ Kg7 28. Nxc5 Ra5 29. Nb7 Ra7 30. Rb2 Rb8 31. e4 Nd6 32. Nxd6 Rxb2 33. c5 Kf8 34. a4 Rc7 35. Nb5 Rc6 36. Nd4 Rc8 37. Rc4 Ke7 38. c6 Rb6 39. c7 Kd7 40. Nb5 Ra8 41. Na7 1-0

[Event "Vienna Chess Open 2019"]
[Site "Vienna"]
[Date "2019.08.19"]
[Round "4.6"]
[White "Pfreundt, Jakob"]
[Black "Yankelevich, Lev"]
[Result "1/2-1/2"]
[ECO "C50"]
[WhiteElo "2410"]
[BlackElo "2480"]
[Annotator "ChessBase"]
[PlyCount "60"]
[EventDate "2019.08.17"]
[EventType "swiss"]
[EventCountry "AUT"]
[SourceTitle "playchess.com"]
[Source "ChessBase"]
[SourceQuality "1"]
[TimeControl "40/5400+30:1800+30"]

1. e4 Nc6 2. Nf3 e5 3. Bc4 Nf6 4. d3 Bc5 5. O-O d6 6. c3 a6 7. a4 Ba7 8. Nbd2 O-O 9. h3 Ne7 10. Re1 c6 11. Bb3 Ng6 12. Nf1 d5 13. Ng3 dxe4 14. dxe4 Qxd1 15. Rxd1 h6 16. a5 Re8 17. Be3 Bxe3 18. fxe3 Be6 19. Bxe6 Rxe6 20. Rd3 Nf8 21. Rad1 g6 22. Nd2 Re7 23. Nc4 Ne6 24. Nxe5 Nc5 25. Rd8+ Rxd8 26. Rxd8+ Kg7 27. Nc4 Nfxe4 28. Nxe4 Rxe4 29. Nd6 Rxe3 30. Ne8+ Kf8 1/2-1/2

[Event "Vienna Chess Open 2019"]
[Site "Vienna"]
[Date "2019.08.19"]
[Round "4.7"]
[White "Bakhmatsky, Vladislav"]
[Black "Herman, Diego"]
[Result "1-0"]
[ECO "B07"]
[WhiteElo "2442"]
[BlackElo "2185"]
[Annotator "NA"]
[PlyCount "69"]
[EventDate "2019.08.17"]
[EventType "swiss"]
[EventCountry "AUT"]
[SourceTitle "playchess.com"]
[Source "ChessBase"]
[SourceQuality "1"]
[TimeControl "40/5400+30:1800+30"]

1. e4 d6 2. d4 Nf6 3. Nc3 e5 4. Nf3 exd4 5. Nxd4 Be7 6. g3 O-O 7. Bg2 Nc6 8. Nf5 d5 9. Nxd5 Nxd5 10. Qxd5 Bxf5 11. exf5 Nd4 12. Qc4 Bb4+ 13. Kf1 Nb3 14. Bg5 Nd2+ 15. Bxd2 Qxd2 16. Bxb7 Rad8 17. Bf3 Rd4 18. Qxc7 Rd7 19. Qc4 Rd4 20. Qb3 Bc5 21. Rd1 Qg5 22. Rxd4 Bxd4 23. Kg2 Qxf5 24. Rd1 Qf6 25. c3 Bb6 26. Qb5 g6 27. a4 Rd8 28. a5 Bc7 29. Rxd8+ Qxd8 30. b4 Bd6 31. c4 Qc7 32. c5 Be7 33. Qe8+ Kg7 34. Bd5 Bd8 35. b5 1-0

[Event "Vienna Chess Open 2019"]
[Site "Vienna"]
[Date "2019.08.19"]
[Round "4.8"]
[White "Kaasen, Tor Fredrik"]
[Black "Markoja, Boris"]
[Result "1/2-1/2"]
[ECO "C11"]
[WhiteElo "2373"]
[BlackElo "2440"]
[Annotator "NA"]
[PlyCount "54"]
[EventDate "2019.08.17"]
[EventType "swiss"]
[EventCountry "AUT"]
[SourceTitle "playchess.com"]
[Source "ChessBase"]
[SourceQuality "1"]
[TimeControl "40/5400+30:1800+30"]

1. e4 e6 2. d4 d5 3. Nc3 Nf6 4. e5 Nfd7 5. f4 c5 6. Nf3 Nc6 7. Be3 Be7 8. Qd2 O-O 9. dxc5 Qa5 10. Bd3 Nxc5 11. O-O Nxd3 12. cxd3 f6 13. exf6 Bxf6 14. d4 Bd7 15. a3 Be8 16. Ng5 Bxg5 17. b4 Qc7 18. fxg5 Bg6 19. Rac1 Qd7 20. Bf4 Rac8 21. Nb5 Na5 22. Rxc8 Rxc8 23. bxa5 Qxb5 24. Bd6 Bd3 25. Qe3 Qd7 26. Qxd3 Qxd6 27. Qf3 Qe7 1/2-1/2

[Event "Vienna Chess Open 2019"]
[Site "Vienna"]
[Date "2019.08.19"]
[Round "4.9"]
[White "Akesson, Ralf"]
[Black "Gilevych, Artem"]
[Result "0-1"]
[ECO "E04"]
[WhiteElo "2348"]
[BlackElo "2424"]
[Annotator "NA"]
[PlyCount "70"]
[EventDate "2019.08.17"]
[EventType "swiss"]
[EventCountry "AUT"]
[SourceTitle "playchess.com"]
[Source "ChessBase"]
[SourceQuality "1"]
[TimeControl "40/5400+30:1800+30"]

1. c4 e6 2. d4 d5 3. Nf3 Nf6 4. g3 dxc4 5. Bg2 Nc6 6. Qa4 Bb4+ 7. Bd2 Nd5 8. Bxb4 Ndxb4 9. a3 b5 10. Qxb5 Nc2+ 11. Kd2 Nxa1 12. Qxc6+ Bd7 13. Qxc4 c5 14. Qa2 Rc8 15. Qxa1 O-O 16. Rc1 cxd4 17. Rxc8 Bxc8 18. Ke1 Bb7 19. Nbd2 Qc7 20. Kf1 Rc8 21. Ne1 Ba6 22. Qb1 Qa5 23. Ndf3 e5 24. Qf5 Rc1 25. Qe4 g6 26. b4 Qc7 27. Qd5 Kf8 28. b5 Bb7 29. Qb3 Qc3 30. Qb4+ Kg7 31. Qd6 d3 32. Qxd3 Bxf3 33. Qxc3 Bxg2+ 34. Kxg2 Rxc3 35. Nd3 e4 0-1

[Event "Vienna Chess Open 2019"]
[Site "Vienna"]
[Date "2019.08.19"]
[Round "4.9"]
[White "Pieper, Thomas"]
[Black "Kindermann, Stefan"]
[Result "1-0"]
[ECO "C11"]
[WhiteElo "2234"]
[BlackElo "2234"]
[Annotator "NA"]
[PlyCount "69"]
[EventDate "2019.08.17"]
[EventType "swiss"]
[EventCountry "AUT"]
[SourceTitle "playchess.com"]
[Source "ChessBase"]
[SourceQuality "1"]
[TimeControl "40/5400+30:1800+30"]

1. e4 e6 2. d4 d5 3. Nc3 Nf6 4. e5 Nfd7 5. f4 c5 6. Nf3 Nc6 7. Be3 cxd4 8. Nxd4 Bc5 9. Qd2 O-O 10. O-O-O a6 11. Qf2 Qe7 12. Kb1 Nxd4 13. Bxd4 b5 14. Bd3 Bxd4 15. Qxd4 b4 16. Na4 Bb7 17. f5 exf5 18. Bxf5 Nxe5 19. Rhe1 f6 20. Nc5 Bc6 21. Nd3 a5 22. Nxe5 fxe5 23. Rxe5 Qf6 24. Bg4 Rad8 25. Bf3 Rd6 26. Rde1 Rc8 27. Qc5 Qg6 28. Bxd5+ Rxd5 29. Rxd5 Bb7 30. Rf1 h6 31. Rd6 Qxg2 32. Qf2 Qe4 33. Rd7 Bd5 34. Re1 Qc4 35. b3 1-0

[Event "Vienna Chess Open 2019"]
[Site "Vienna"]
[Date "2019.08.19"]
[Round "4.10"]
[White "Gelbenegger, Patrick"]
[Black "Janik, Igor"]
[Result "0-1"]
[ECO "B13"]
[WhiteElo "2483"]
[BlackElo "2483"]
[Annotator "ChessBase"]
[PlyCount "70"]
[EventDate "2019.08.17"]
[EventType "swiss"]
[EventCountry "AUT"]
[SourceTitle "playchess.com"]
[Source "ChessBase"]
[SourceQuality "1"]
[TimeControl "40/5400+30:1800+30"]

1. e4 c6 2. d4 d5 3. exd5 cxd5 4. Bd3 Nc6 5. c3 g6 6. Nf3 Bf5 7. Bxf5 gxf5 8. Bf4 e6 9. Qb3 Qd7 10. Nbd2 Nge7 11. h3 Ng6 12. Bh2 Bh6 13. O-O O-O 14. Rfe1 Kh8 15. Nf1 Rg8 16. Kh1 Rg7 17. Ng3 Nf4 18. Qc2 Rag8 19. Nh4 f6 20. Rf1 Ne7 21. Rae1 b5 22. Nf3 Nc8 23. Nd2 Nd6 24. Nb3 Ne4 25. Nc5 Qc8 26. b4 e5 27. a4 bxa4 28. Ra1 Nxc5 29. bxc5 e4 30. Qxa4 Nxg2 31. Qa6 Nh4 32. Qxf6 Bg5 33. Qa6 Qe8 34. Qd6 f4 35. Ne2 Qh5 0-1

[Event "Vienna Chess Open 2019"]
[Site "Vienna"]
[Date "2019.08.19"]
[Round "4.10"]
[White "Handler, Lukas"]
[Black "Pacan-Milej, Kosma"]
[Result "1-0"]
[ECO "A58"]
[WhiteElo "2411"]
[BlackElo "2411"]
[Annotator "NA"]
[PlyCount "81"]
[EventDate "2019.08.17"]
[EventType "swiss"]
[EventCountry "AUT"]
[SourceTitle "playchess.com"]
[Source "ChessBase"]
[SourceQuality "1"]
[TimeControl "40/5400+30:1800+30"]

1. d4 Nf6 2. c4 c5 3. d5 b5 4. cxb5 a6 5. bxa6 g6 6. Nc3 Bg7 7. e4 O-O 8. a7 Rxa7 9. Nf3 e6 10. Be2 exd5 11. exd5 d6 12. O-O Re8 13. Bb5 Bd7 14. Bc4 Qb6 15. a4 Ne4 16. Nb5 Ra8 17. Ra3 Na6 18. Re3 Nb4 19. Rfe1 Nf6 20. Rxe8+ Bxe8 21. Nc3 Bd7 22. h3 h6 23. b3 Bf5 24. Re2 g5 25. h4 g4 26. Nh2 Nd7 27. Ne4 Ne5 28. Ng3 Bg6 29. h5 Bh7 30. Rxe5 dxe5 31. Nxg4 Kh8 32. Qf3 f5 33. Nxf5 Rf8 34. Nge3 Qf6 35. Nxg7 Qxf3 36. gxf3 Kxg7 37. Ng4 Rxf3 38. Bxh6+ Kh8 39. Nxe5 Rf5 40. f4 Rxh5 41. Bg5 1-0

[Event "Vienna Chess Open 2019"]
[Site "Vienna"]
[Date "2019.08.19"]
[Round "4.10"]
[White "Dobrovoljc, Vid"]
[Black "Mesaros, Florian"]
[Result "1-0"]
[ECO "B96"]
[WhiteElo "2331"]
[BlackElo "2420"]
[Annotator "NA"]
[PlyCount "57"]
[EventDate "2019.08.17"]
[EventType "swiss"]
[EventCountry "AUT"]
[SourceTitle "playchess.com"]
[Source "ChessBase"]
[SourceQuality "1"]
[TimeControl "40/5400+30:1800+30"]

1. e4 c5 2. Nf3 d6 3. d4 cxd4 4. Nxd4 Nf6 5. Nc3 a6 6. Bg5 e6 7. f4 h6 8. Bh4 Qb6 9. Qd2 Qxb2 10. Rb1 Qa3 11. e5 dxe5 12. fxe5 g5 13. Bf2 Ng4 14. Bg3 Nd7 15. Be2 h5 16. Bxg4 hxg4 17. Ne4 Be7 18. Rb3 Qa4 19. Nd6+ Bxd6 20. exd6 Rg8 21. O-O Nc5 22. Qf2 Qd7 23. Re3 b6 24. Nc6 Rf8 25. Ne5 Qb7 26. Qf6 Ra7 27. Qxg5 Qd5 28. c4 Qd4 29. Nc6 1-0

[Event "Vienna Chess Open 2019"]
[Site "Vienna"]
[Date "2019.08.19"]
[Round "4.11"]
[White "Dastan, Muhammed Batuhan"]
[Black "Csiki, Endre"]
[Result "1-0"]
[ECO "B56"]
[WhiteElo "2582"]
[BlackElo "2582"]
[Annotator "ChessBase"]
[PlyCount "89"]
[EventDate "2019.08.17"]
[EventType "swiss"]
[EventCountry "AUT"]
[SourceTitle "playchess.com"]
[Source "ChessBase"]
[SourceQuality "1"]
[TimeControl "40/5400+30:1800+30"]

1. e4 c5 2. Nf3 d6 3. d4 cxd4 4. Nxd4 Nf6 5. Nc3 e5 6. Nb3 Be7 7. Be2 Nc6 8. Bg5 a6 9. Qd3 h6 10. Bxf6 Bxf6 11. O-O-O Be7 12. Nd5 Bg5+ 13. Kb1 O-O 14. g3 Be6 15. h4 Bf6 16. Qe3 Bxd5 17. Rxd5 Qc7 18. Rdd1 Rfd8 19. g4 g5 20. Nd2 Nd4 21. c3 Ne6 22. Nc4 Qc5 23. hxg5 Bxg5 24. Qxc5 dxc5 25. Nxe5 Rxd1+ 26. Rxd1 Rd8 27. Rxd8+ Nxd8 28. Bc4 Kg7 29. Bd5 Be7 30. f4 Bd6 31. Nd3 f6 32. Kc2 b6 33. Kd2 Kf8 34. Ke3 Ke7 35. e5 fxe5 36. fxe5 Bc7 37. Ke4 Nf7 38. Bxf7 Kxf7 39. c4 Kg6 40. Nf4+ Kf7 41. a4 Bd8 42. Kf5 Ke8 43. Ke6 Bg5 44. Nd5 Bd8 45. b3 1-0

[Event "Vienna Chess Open 2019"]
[Site "Vienna"]
[Date "2019.08.19"]
[Round "4.11"]
[White "Dappiano, Andrea"]
[Black "Barp, Alberto"]
[Result "0-1"]
[ECO "C45"]
[WhiteElo "2289"]
[BlackElo "2411"]
[Annotator "NA"]
[PlyCount "58"]
[EventDate "2019.08.17"]
[EventType "swiss"]
[EventCountry "AUT"]
[SourceTitle "playchess.com"]
[Source "ChessBase"]
[SourceQuality "1"]
[TimeControl "40/5400+30:1800+30"]

1. e4 e5 2. Nf3 Nc6 3. d4 exd4 4. Nxd4 Bc5 5. Be3 Qf6 6. c3 Nge7 7. Bb5 O-O 8. O-O d6 9. f4 a6 10. Ba4 Ba7 11. Qd3 Nxd4 12. Bxd4 Bxd4+ 13. cxd4 d5 14. e5 Qb6 15. Nc3 Bf5 16. Qd2 c5 17. Rad1 c4 18. Bc2 Rad8 19. Bxf5 Nxf5 20. Qe2 f6 21. exf6 Qxf6 22. Qe5 Qf7 23. g4 Qg6 24. Rf2 Qxg4+ 25. Rg2 Qf3 26. Rg5 h6 27. Qe6+ Kh8 28. Rg6 Qxf4 29. Rf1 Qxf1+ 0-1

[Event "Vienna Chess Open 2019"]
[Site "Vienna"]
[Date "2019.08.19"]
[Round "4.12"]
[White "Diermair, Andreas"]
[Black "Tomaszewski, Roman"]
[Result "1/2-1/2"]
[ECO "D10"]
[WhiteElo "2473"]
[BlackElo "2473"]
[Annotator "ChessBase"]
[PlyCount "75"]
[EventDate "2019.08.17"]
[EventType "swiss"]
[EventCountry "AUT"]
[SourceTitle "playchess.com"]
[Source "ChessBase"]
[SourceQuality "1"]
[TimeControl "40/5400+30:1800+30"]

1. d4 d5 2. c4 c6 3. Nc3 Nf6 4. e3 g6 5. h3 Bg7 6. Nf3 O-O 7. Bd3 e6 8. O-O Nbd7 9. b3 b6 10. Ba3 Re8 11. Rc1 Bb7 12. cxd5 exd5 13. Qc2 Qb8 14. Rfe1 Bf8 15. Bxf8 Rxf8 16. b4 a6 17. Qb3 a5 18. bxa5 Rxa5 19. a4 Ba6 20. Bxa6 Rxa6 21. e4 dxe4 22. Nxe4 Nxe4 23. Rxe4 b5 24. axb5 Qxb5 25. Qe3 Nf6 26. Re5 Nd5 27. Qh6 f6 28. Re6 Qb7 29. Qh4 Qd7 30. Rce1 Raa8 31. Qg4 Rad8 32. Qe4 Kf7 33. Qg4 Kg8 34. Qg3 Rfe8 35. Rxe8+ Rxe8 36. Rxe8+ Qxe8 37. Qd6 Kf7 38. h4 1/2-1/2

[Event "Vienna Chess Open 2019"]
[Site "Vienna"]
[Date "2019.08.19"]
[Round "4.12"]
[White "Ruff, Maximilian"]
[Black "Mons, Leon"]
[Result "1/2-1/2"]
[ECO "E32"]
[WhiteElo "2353"]
[BlackElo "2559"]
[Annotator "ChessBase"]
[PlyCount "44"]
[EventDate "2019.08.17"]
[EventType "swiss"]
[EventCountry "AUT"]
[SourceTitle "playchess.com"]
[Source "ChessBase"]
[SourceQuality "1"]
[TimeControl "40/5400+30:1800+30"]

1. d4 Nf6 2. c4 e6 3. Nc3 Bb4 4. Qc2 O-O 5. Nf3 d5 6. a3 Bxc3+ 7. Qxc3 dxc4 8. Qxc4 b6 9. Bg5 Ba6 10. Qa4 Qd7 11. Qxd7 Nbxd7 12. Bxf6 gxf6 13. e3 Bb7 14. Rc1 Rfc8 15. Bb5 c6 16. Bd3 Kf8 17. Ke2 Ke7 18. Rc3 c5 19. Rhc1 a6 20. b4 cxb4 21. axb4 f5 22. R1c2 Rxc3 1/2-1/2

[Event "Vienna Chess Open 2019"]
[Site "Vienna"]
[Date "2019.08.20"]
[Round "5.1"]
[White "Ozen, Deniz"]
[Black "Zetthofer, Gerald"]
[Result "1-0"]
[ECO "C01"]
[WhiteElo "2429"]
[BlackElo "2273"]
[Annotator "NA"]
[PlyCount "55"]
[EventDate "2019.08.17"]
[EventType "swiss"]
[EventCountry "AUT"]
[SourceTitle "playchess.com"]
[Source "ChessBase"]
[SourceQuality "1"]
[TimeControl "40/5400+30:1800+30"]

1. e4 e6 2. d4 d5 3. exd5 exd5 4. Nf3 Nf6 5. Bd3 Bd6 6. Qe2+ Qe7 7. Qxe7+ Kxe7 8. O-O Be6 9. Re1 Nbd7 10. Ng5 Nf8 11. f4 h6 12. Nxe6 fxe6 13. g3 c5 14. dxc5 Bxc5+ 15. Kg2 N8d7 16. Bf5 Nf8 17. Nd2 Kd6 18. Bd3 N8d7 19. Nf3 Rhe8 20. Bd2 Rac8 21. Re2 a6 22. Rae1 Nf8 23. f5 exf5 24. b4 Rxe2+ 25. Rxe2 Bb6 26. Bf4+ Kc6 27. Ne5+ Kd6 28. Ng6+ 1-0

[Event "Vienna Chess Open 2019"]
[Site "Vienna"]
[Date "2019.08.20"]
[Round "5.1"]
[White "Gilevych, Artem"]
[Black "Palac, Mladen"]
[Result "1/2-1/2"]
[ECO "E12"]
[WhiteElo "2424"]
[BlackElo "2551"]
[Annotator "ChessBase"]
[PlyCount "64"]
[EventDate "2019.08.17"]
[EventType "swiss"]
[EventCountry "AUT"]
[SourceTitle "playchess.com"]
[Source "ChessBase"]
[SourceQuality "1"]
[TimeControl "40/5400+30:1800+30"]

1. d4 Nf6 2. c4 e6 3. Nf3 b6 4. a3 Bb7 5. Nc3 d5 6. cxd5 Nxd5 7. e3 Be7 8. Bb5+ c6 9. Bd3 c5 10. Nxd5 Qxd5 11. dxc5 Qxc5 12. O-O O-O 13. Qe2 Nd7 14. e4 Qh5 15. b4 a5 16. Bd2 axb4 17. axb4 Ne5 18. Nxe5 Qxe5 19. Rxa8 Rxa8 20. Be3 b5 21. f3 Bxb4 22. Bxb5 Bd6 23. g3 Bc5 24. Bxc5 Qxc5+ 25. Kg2 h5 26. Rd1 Rb8 27. Bd3 Rd8 28. Qc2 Qe3 29. Qe2 Qc5 30. Qc2 Qa3 31. Be2 Rc8 32. Qd3 Qxd3 1/2-1/2

[Event "Vienna Chess Open 2019"]
[Site "Vienna"]
[Date "2019.08.20"]
[Round "5.1"]
[White "Sadilek, Peter"]
[Black "Handler, Lukas"]
[Result "0-1"]
[ECO "E04"]
[WhiteElo "2411"]
[BlackElo "2411"]
[Annotator "NA"]
[PlyCount "60"]
[EventDate "2019.08.17"]
[EventType "swiss"]
[EventCountry "AUT"]
[SourceTitle "playchess.com"]
[Source "ChessBase"]
[SourceQuality "1"]
[TimeControl "40/5400+30:1800+30"]

1. d4 d5 2. c4 e6 3. g3 Nf6 4. Bg2 dxc4 5. Nf3 Bd7 6. Nbd2 Bb5 7. Ne5 Nbd7 8. Bxb7 Nxe5 9. dxe5 Rb8 10. Bg2 Ng4 11. a4 Ba6 12. Bc6+ Ke7 13. b3 Nxe5 14. Bb5 Bb7 15. O-O Qd5 16. e4 Qd4 17. Ba3+ Kf6 18. Nxc4 Qxd1 19. Rfxd1 Nxc4 20. Bxf8 Rhxf8 21. Bxc4 Bxe4 22. Rd7 Rb7 23. Rc1 Rfb8 24. a5 c6 25. Rxb7 Rxb7 26. Rc3 Ke5 27. Ba6 Rb4 28. Bc4 Kd6 29. Kf1 Bd5 30. Bxd5 exd5 0-1

[Event "Vienna Chess Open 2019"]
[Site "Vienna"]
[Date "2019.08.20"]
[Round "5.2"]
[White "Buhmann, Rainer"]
[Black "Kowalski, Igor"]
[Result "1-0"]
[ECO "B33"]
[WhiteElo "2574"]
[BlackElo "2574"]
[Annotator "ChessBase"]
[PlyCount "89"]
[EventDate "2019.08.17"]
[EventType "swiss"]
[EventCountry "AUT"]
[SourceTitle "playchess.com"]
[Source "ChessBase"]
[SourceQuality "1"]
[TimeControl "40/5400+30:1800+30"]

1. e4 c5 2. Nf3 Nc6 3. d4 cxd4 4. Nxd4 Nf6 5. Nc3 e5 6. Ndb5 d6 7. Bg5 a6 8. Na3 b5 9. Bxf6 gxf6 10. Nd5 Bg7 11. Bd3 O-O 12. O-O Be6 13. Ne3 Ne7 14. c4 b4 15. Nac2 a5 16. Qf3 Qb6 17. Nd5 Bxd5 18. exd5 a4 19. Ne3 Rfe8 20. Be4 b3 21. a3 Qd4 22. Rab1 Rac8 23. Rfd1 Qb6 24. Rbc1 h6 25. Rc3 Kf8 26. Qh5 f5 27. Nxf5 Nxf5 28. Qxf5 Rc7 29. Qg4 Qa6 30. Rdc1 Qa7 31. h4 Qd4 32. Rd1 Qa7 33. Rdd3 f5 34. Rf3 f4 35. Qg6 Rd8 36. c5 Rxc5 37. Rxc5 Qxc5 38. Rc3 Qa7 39. Rc6 Qf7 40. Qg4 h5 41. Qe2 f3 42. Qa6 Qe7 43. g3 Bf6 44. Qxa4 Bxh4 45. Qxb3 1-0

[Event "Vienna Chess Open 2019"]
[Site "Vienna"]
[Date "2019.08.20"]
[Round "5.2"]
[White "Mesaros, Florian"]
[Black "Matt, Fabian"]
[Result "0-1"]
[ECO "D20"]
[WhiteElo "2420"]
[BlackElo "2271"]
[Annotator "NA"]
[PlyCount "74"]
[EventDate "2019.08.17"]
[EventType "swiss"]
[EventCountry "AUT"]
[SourceTitle "playchess.com"]
[Source "ChessBase"]
[SourceQuality "1"]
[TimeControl "40/5400+30:1800+30"]

1. d4 d5 2. c4 dxc4 3. e3 e6 4. Bxc4 Nf6 5. Nf3 a6 6. O-O b5 7. Bd3 c5 8. a4 b4 9. b3 cxd4 10. Nxd4 Bb7 11. Bb2 Be7 12. Qe2 Qd5 13. f3 O-O 14. Nd2 Nbd7 15. Nc4 Bc5 16. Kh1 Rfd8 17. Rad1 Qh5 18. g4 Nxg4 19. Na5 Nxe3 20. Nxb7 Nxf1 21. Rxf1 Re8 22. Nxc5 Nxc5 23. Bc4 Rad8 24. Rg1 g6 25. Qe3 Rc8 26. Ne2 Nxa4 27. Rg5 Qh6 28. Bd4 e5 29. Bxe5 Rxc4 30. bxc4 f6 31. f4 fxg5 32. Qd2 Qh3 33. Ng3 Qe6 34. Ne4 Qc6 35. Qg2 Re6 36. fxg5 b3 37. Qf3 b2 0-1

[Event "Vienna Chess Open 2019"]
[Site "Vienna"]
[Date "2019.08.20"]
[Round "5.2"]
[White "Ravi, Teja S."]
[Black "Stanec, Nikolaus"]
[Result "1/2-1/2"]
[ECO "A46"]
[WhiteElo "2420"]
[BlackElo "2483"]
[Annotator "ChessBase"]
[PlyCount "24"]
[EventDate "2019.08.17"]
[EventType "swiss"]
[EventCountry "AUT"]
[SourceTitle "playchess.com"]
[Source "ChessBase"]
[SourceQuality "1"]
[TimeControl "40/5400+30:1800+30"]

1. d4 Nf6 2. Nf3 d6 3. c4 Nbd7 4. Nc3 e5 5. g3 Be7 6. Bg2 O-O 7. O-O c6 8. Qc2 Qc7 9. Rd1 Re8 10. h3 Bf8 11. e4 a6 12. Be3 b6 1/2-1/2

[Event "Vienna Chess Open 2019"]
[Site "Vienna"]
[Date "2019.08.20"]
[Round "5.3"]
[White "Gschnitzer, Adrian"]
[Black "Ragger, Anna-Christina"]
[Result "1-0"]
[ECO "D11"]
[WhiteElo "2410"]
[BlackElo "2241"]
[Annotator "NA"]
[PlyCount "71"]
[EventDate "2019.08.17"]
[EventType "swiss"]
[EventCountry "AUT"]
[SourceTitle "playchess.com"]
[Source "ChessBase"]
[SourceQuality "1"]
[TimeControl "40/5400+30:1800+30"]

1. c4 c6 2. d4 d5 3. Nf3 Nf6 4. Qc2 dxc4 5. e4 Bg4 6. Bxc4 Bxf3 7. gxf3 e6 8. Be3 Nbd7 9. Nc3 Bb4 10. Bd3 e5 11. O-O-O Qe7 12. f4 exd4 13. Bxd4 Bc5 14. Bxc5 Nxc5 15. e5 Nxd3+ 16. Rxd3 Nh5 17. Ne4 O-O 18. Rh3 f5 19. Rxh5 fxe4 20. Qxe4 g6 21. Rg1 Qf7 22. Kb1 Rae8 23. f5 Qd5 24. Qxd5+ cxd5 25. f4 Kh8 26. Rxg6 Rxf5 27. Rg8+ Rxg8 28. Rxf5 Rg2 29. e6 Re2 30. Rf8+ Kg7 31. Rf7+ Kg8 32. f5 Rxh2 33. f6 Re2 34. Rg7+ Kf8 35. e7+ Ke8 36. Rg8+ 1-0